APL (24 & UNDER)
DETROIT DIRTY SNOW @ NASHUA REDLEGS
05/29/2029
 
TOP OF THE 1ST
Detroit Dirty Snow batting - Pitching for Nashua Redlegs : RHP John Evans
Pitching: RHP John Evans
Batting: SHB Joe Emery 0-0: Called Strike
0-1: Fly out, F6 (Popup, 6MS)
Batting: LHB Francisco Medina 0-0: Ball
1-0: Ball
2-0: Called Strike
2-1: Ground out 6-3 (Groundball, 6)
Batting: RHB Guo-liang Lian 0-0: Called Strike
0-1: Called Strike
0-2: Ball
1-2: Ground out 6-3 (Groundball, 6)
Top of the 1st over - 0 runs, 0 hits, 0 errors, 0 left on base; Detroit 0 - Nashua 0
BOTTOM OF THE 1ST
Nashua Redlegs batting - Pitching for Detroit Dirty Snow : RHP Gustavo Cháves
Pitching: RHP Gustavo Cháves
Batting: LHB Derrek Robinson 0-0: Called Strike
0-1: Called Strike
0-2: Foul Ball, location: 2F
0-2: Foul Ball, location: 2F
0-2: Strikes out swinging
Batting: RHB Currito Campos 0-0: Foul Ball, location: 2F
0-1: Ball
1-1: Called Strike
1-2: Strikes out looking
Batting: LHB Alonso Carbajal 0-0: Called Strike
0-1: Ball
1-1: Fly out, F8 (Flyball, 8LD)
Bottom of the 1st over - 0 runs, 0 hits, 0 errors, 0 left on base; Detroit 0 - Nashua 0
TOP OF THE 2ND
Detroit Dirty Snow batting - Pitching for Nashua Redlegs : RHP John Evans
Batting: LHB Luis Salazar 0-0: Ball
1-0: Called Strike
1-1: Ball
2-1: Swinging Strike
2-2: Ball
3-2: DOUBLE (Line Drive, 7D)
Batting: RHB Carlos Rocha 0-0: Ball
1-0: Called Strike
1-1: Swinging Strike
1-2: Ground out 6-3 (Groundball, 6)
Luis Salazar to third
Batting: SHB Víctor Torres 0-0: Ball
1-0: Called Strike
1-1: Fly out, F7 (Flyball, 78M)
Runner from 3rd tags up, SCORES, throw made
Batting: RHB Takuro Okawa 0-0: Called Strike
0-1: Ground out 6-3 (Groundball, 6M)
Top of the 2nd over - 1 run, 1 hit, 0 errors, 0 left on base; Detroit 1 - Nashua 0
BOTTOM OF THE 2ND
Nashua Redlegs batting - Pitching for Detroit Dirty Snow : RHP Gustavo Cháves
Batting: RHB Manuel Pérez 0-0: Ball
1-0: Foul Ball, location: 2F
1-1: Ball
2-1: Called Strike
2-2: Ball
3-2: Base on Balls
Batting: RHB Eleuterio Supardo 0-0: Called Strike
0-1: Ball
1-1: Ball
2-1: Foul Ball, location: 2F
2-2: Ball
3-2: Base on Balls
Manuel Pérez to second
Batting: RHB Gerald Miller 0-0: Grounds into double play, 6-4-3 (Groundball, 6)
Manuel Pérez to third
Batting: RHB Katsuhito Ohayashi 0-0: SINGLE (Groundball, 6MD)
Manuel Pérez scores
Batting: RHB David Adams 0-0: Called Strike
0-1: Ball
1-1: Foul Ball, location: 2F
1-2: Strikes out swinging, 2-3 out at first.
Bottom of the 2nd over - 1 run, 1 hit, 0 errors, 1 left on base; Detroit 1 - Nashua 1
TOP OF THE 3RD
Detroit Dirty Snow batting - Pitching for Nashua Redlegs : RHP John Evans
Batting: LHB Lee Jenkins 0-0: Ball
1-0: Ball
2-0: Called Strike
2-1: Ball
3-1: Base on Balls
Batting: RHB Kelsey Scott 0-0: Ball
1-0: Ball
2-0: Ball
3-0: Base on Balls
Lee Jenkins to second
Batting: SHB Joe Emery 0-0: Ball
1-0: DOUBLE (Line Drive, 9LM)
Lee Jenkins scores
Kelsey Scott to third
Batting: LHB Francisco Medina 0-0: Ball
1-0: Ball
2-0: Swinging Strike
2-1: Fly out, F9 (Flyball, 9S)
Batting: RHB Guo-liang Lian 0-0: Ball
1-0: Foul Ball, location: 2F
1-1: Foul Ball, location: 2F
1-2: Strikes out swinging
Batting: LHB Luis Salazar 0-0: Swinging Strike
0-1: Ball
1-1: Foul Ball, location: 2F
1-2: Ball
2-2: Fly out, F7 (Line Drive, 78M)
Top of the 3rd over - 1 run, 1 hit, 0 errors, 2 left on base; Detroit 2 - Nashua 1
BOTTOM OF THE 3RD
Nashua Redlegs batting - Pitching for Detroit Dirty Snow : RHP Gustavo Cháves
Batting: RHB Spencer Pritchett 0-0: Swinging Strike
0-1: Ball
1-1: Ball
2-1: Foul Ball, location: 2F
2-2: Foul Ball, location: 2F
2-2: Foul Ball, location: 2F
2-2: Strikes out swinging, 2-3 out at first.
Batting: LHB Derrek Robinson 0-0: Ball
1-0: Ball
2-0: Foul Ball, location: 2F
2-1: Ball
3-1: Foul Ball, location: 2F
3-2: Base on Balls
Batting: RHB Currito Campos 0-0: Ball
1-0: Ball
2-0: Fly out, F8 (Flyball, 78D)
Batting: LHB Alonso Carbajal 0-0: Ball
1-0: Foul Ball, location: 2F
1-1: Ball
Derrek Robinson is caught stealing 2nd base
Bottom of the 3rd over - 0 runs, 0 hits, 0 errors, 0 left on base; Detroit 2 - Nashua 1
TOP OF THE 4TH
Detroit Dirty Snow batting - Pitching for Nashua Redlegs : RHP John Evans
Batting: RHB Carlos Rocha 0-0: Called Strike
0-1: Foul Ball, location: 2F
0-2: Ball
1-2: Ball
2-2: Foul Ball, location: 2F
2-2: Foul Ball, location: 2F
2-2: Ground out 4-3 (Groundball, 34)
Batting: SHB Víctor Torres 0-0: Ball
1-0: Called Strike
1-1: Ball
2-1: SINGLE (Groundball, 34D)
Batting: RHB Takuro Okawa 0-0: Ball
1-0: SINGLE (Line Drive, 6D)
Víctor Torres to second
Batting: LHB Lee Jenkins 0-0: Ball
1-0: Foul Ball, location: 2F
1-1: Reached on error, E4 (Groundball, 4)
Víctor Torres to third
Takuro Okawa to second
Batting: RHB Kelsey Scott 0-0: Called Strike
0-1: Swinging Strike
0-2: Strikes out looking
Batting: SHB Joe Emery 0-0: Called Strike
0-1: Swinging Strike
0-2: Strikes out looking
Top of the 4th over - 0 runs, 2 hits, 1 error, 3 left on base; Detroit 2 - Nashua 1
BOTTOM OF THE 4TH
Nashua Redlegs batting - Pitching for Detroit Dirty Snow : RHP Gustavo Cháves
Batting: LHB Alonso Carbajal 0-0: Ball
1-0: Ball
2-0: Ball
3-0: Called Strike
3-1: Foul Ball, location: 2F
3-2: Base on Balls
Batting: RHB Manuel Pérez 0-0: Ball
1-0: Ball
2-0: Ball
3-0: Base on Balls
Alonso Carbajal to second
Batting: RHB Eleuterio Supardo 0-0: Ball
1-0: Swinging Strike
1-1: Foul Ball, location: 2F
1-2: SINGLE (Flyball, 8RS)
Alonso Carbajal to third
Manuel Pérez to second
Runner from 3rd tries for Home, throw and OUT!
Manuel Pérez to third
Eleuterio Supardo to second
Batting: RHB Gerald Miller 0-0: Called Strike
0-1: Ball
1-1: Ball
2-1: Foul Ball, location: 2F
2-2: SINGLE (Groundball, 4) (infield hit)
Manuel Pérez scores
Eleuterio Supardo to third
Batting: RHB Katsuhito Ohayashi 0-0: Ball
1-0: Called Strike
1-1: Swinging Strike
1-2: Fly out, F8 (Flyball, 8LD)
Runner from 3rd tags up, SCORES, throw made
Batting: RHB David Adams 0-0: Called Strike
0-1: Ground out U3 (Groundball, 34)
Bottom of the 4th over - 2 runs, 2 hits, 0 errors, 1 left on base; Detroit 2 - Nashua 3
TOP OF THE 5TH
Detroit Dirty Snow batting - Pitching for Nashua Redlegs : RHP John Evans
Batting: LHB Francisco Medina 0-0: Foul Ball, location: 2F
0-1: Foul Ball, location: 2F
0-2: Foul Ball, location: 2F
0-2: Ball
1-2: Ground out U3 (Groundball, 3)
Batting: RHB Guo-liang Lian 0-0: Called Strike
0-1: Fly out, F5 (Line Drive, 56)
Batting: LHB Luis Salazar 0-0: Called Strike
0-1: Fly out, F8 (Flyball, 78D)
Top of the 5th over - 0 runs, 0 hits, 0 errors, 0 left on base; Detroit 2 - Nashua 3
BOTTOM OF THE 5TH
Nashua Redlegs batting - Pitching for Detroit Dirty Snow : RHP Gustavo Cháves
Batting: RHB Spencer Pritchett 0-0: Called Strike
0-1: Ball
1-1: Ball
2-1: Ball
3-1: Foul Ball, location: 2F
3-2: Strikes out swinging
Batting: LHB Derrek Robinson 0-0: Ball
1-0: Foul Ball, location: 2F
1-1: Ball
2-1: Foul Ball, location: 2F
2-2: Ball
3-2: Foul Ball, location: 2F
3-2: Base on Balls
Batting: RHB Currito Campos 0-0: Fly out, F6 (Popup, 6M)
Batting: LHB Alonso Carbajal 0-0: Called Strike
0-1: Swinging Strike
0-2: Ball
1-2: Strikes out swinging
Bottom of the 5th over - 0 runs, 0 hits, 0 errors, 1 left on base; Detroit 2 - Nashua 3
TOP OF THE 6TH
Detroit Dirty Snow batting - Pitching for Nashua Redlegs : RHP John Evans
Batting: RHB Carlos Rocha 0-0: Ball
1-0: Ball
2-0: Foul Ball, location: 2F
2-1: Foul Ball, location: 2F
2-2: Ball
3-2: Foul Ball, location: 2F
3-2: Fly out, F8 (Flyball, 8RS)
Batting: SHB Víctor Torres 0-0: Hit by Pitch
Batting: RHB Takuro Okawa 0-0: Called Strike
0-1: SINGLE (Groundball, 34D)
Víctor Torres to second
Runner from 2nd tries for 3rd, SAFE, no throw
Batting: LHB Lee Jenkins 0-0: Swinging Strike
0-1: Ball
1-1: Called Strike
1-2: Strikes out swinging
Batting: RHB Kelsey Scott 0-0: Foul Ball, location: 2F
0-1: Fielders Choice at 2nd, 6-4 (Groundball, 6)
Top of the 6th over - 0 runs, 1 hit, 0 errors, 2 left on base; Detroit 2 - Nashua 3
BOTTOM OF THE 6TH
Nashua Redlegs batting - Pitching for Detroit Dirty Snow : RHP Gustavo Cháves
Batting: RHB Manuel Pérez 0-0: Called Strike
0-1: Foul Ball, location: 2F
0-2: Ball
1-2: SINGLE (Groundball, 25) (infield hit)
Pitching: RHP Keith Heffner
Batting: RHB Eleuterio Supardo 0-0: Ball
Manuel Pérez is caught stealing 2nd base
1-0: Foul Ball, location: 2F
1-1: Foul Ball, location: 2F
1-2: Foul Ball, location: 2F
1-2: Foul Ball, location: 2F
1-2: Hit by Pitch
Batting: RHB Gerald Miller 0-0: Ball
1-0: Foul Ball, location: 2F
1-1: Ball
2-1: Swinging Strike
2-2: Ball
3-2: Foul Ball, location: 2F
3-2: Strikes out swinging
Batting: RHB Katsuhito Ohayashi 0-0: Ball
1-0: Called Strike
1-1: Swinging Strike
1-2: Strikes out swinging
Bottom of the 6th over - 0 runs, 1 hit, 0 errors, 1 left on base; Detroit 2 - Nashua 3
TOP OF THE 7TH
Detroit Dirty Snow batting - Pitching for Nashua Redlegs : RHP John Evans
Pitching: LHP Alberto Ledezma
Batting: SHB Joe Emery 0-0: Called Strike
0-1: Foul Ball, location: 2F
0-2: Ball
1-2: Foul Ball, location: 2F
1-2: Ball
2-2: Strikes out swinging
Batting: LHB Francisco Medina 0-0: Ball
1-0: SINGLE (Line Drive, 34D)
Batting: RHB Guo-liang Lian 0-0: Ball
1-0: Called Strike
1-1: Ball
2-1: Swinging Strike
2-2: Strikes out swinging
Pinch Hitting: RHB Paul Liddle 0-0: Ball
1-0: Ball
2-0: Ball
3-0: Called Strike
3-1: Base on Balls
Francisco Medina to second
Batting: RHB Carlos Rocha 0-0: Swinging Strike
0-1: Fielders Choice at 2nd, 5-4 (Groundball, 56)
Top of the 7th over - 0 runs, 1 hit, 0 errors, 2 left on base; Detroit 2 - Nashua 3
BOTTOM OF THE 7TH
Nashua Redlegs batting - Pitching for Detroit Dirty Snow : RHP Keith Heffner
Now at 3B: Paul Liddle
Batting: RHB David Adams 0-0: Swinging Strike
0-1: Swinging Strike
0-2: Foul Ball, location: 2F
0-2: Ball
1-2: Ball
2-2: Strikes out looking
Batting: RHB Spencer Pritchett 0-0: Swinging Strike
0-1: Foul Ball, location: 2F
0-2: Foul Ball, location: 2F
0-2: Ground out 1-3 (Groundball, 13S)
Batting: LHB Derrek Robinson 0-0: Foul Ball, location: 2F
0-1: Ball
1-1: Ball
2-1: Foul Ball, location: 2F
2-2: Strikes out looking
Bottom of the 7th over - 0 runs, 0 hits, 0 errors, 0 left on base; Detroit 2 - Nashua 3
TOP OF THE 8TH
Detroit Dirty Snow batting - Pitching for Nashua Redlegs : LHP Alberto Ledezma
Now at C: Ian Howard
Now at 2B: Jorge Valenzuela
Now at SS: Manny Herrera
Now in CF: António López
Batting: SHB Víctor Torres 0-0: Ball
1-0: Ball
2-0: Called Strike
2-1: Called Strike
2-2: Strikes out looking
Batting: RHB Takuro Okawa 0-0: Ball
1-0: Ball
2-0: Ball
3-0: Called Strike
3-1: Foul Ball, location: 2F
3-2: Base on Balls
Batting: LHB Lee Jenkins 0-0: Called Strike
0-1: Ball
1-1: Foul Ball, location: 2F
1-2: Ground out 4-3 (Groundball, 34)
Takuro Okawa to second
Pitching: RHP Mike Green
Batting: RHB Kelsey Scott 0-0: Foul Ball, location: 2F
0-1: Ball
1-1: Ball
2-1: Ball
3-1: Ground out 6-3 (Groundball, 6S)
Top of the 8th over - 0 runs, 0 hits, 0 errors, 1 left on base; Detroit 2 - Nashua 3
BOTTOM OF THE 8TH
Nashua Redlegs batting - Pitching for Detroit Dirty Snow : RHP Keith Heffner
Batting: RHB Currito Campos 0-0: Ball
1-0: Foul Ball, location: 2F
1-1: Called Strike
1-2: Ball
2-2: Foul Ball, location: 2F
2-2: Ball
3-2: Fly out, F3 (Popup, 34S)
Batting: LHB Alonso Carbajal 0-0: SINGLE (Line Drive, 6MD)
Pinch Hitting: LHB Bob Campbell 0-0: Ball
1-0: Ball
2-0: Ground out U3 (Groundball, 34S)
Alonso Carbajal to second
Batting: RHB Eleuterio Supardo 0-0: Ball
1-0: Ball
2-0: SINGLE (Groundball, 56D)
Alonso Carbajal to third
Runner from 3rd tries for Home, SAFE, no throw
Batting: RHB Gerald Miller 0-0: Called Strike
0-1: Ball
1-1: Ball
2-1: Ball
3-1: Base on Balls
Eleuterio Supardo to second
Pinch Hitting: RHB José Méndez 0-0: Ground out 4-3 (Groundball, 4)
Bottom of the 8th over - 1 run, 2 hits, 0 errors, 2 left on base; Detroit 2 - Nashua 4
TOP OF THE 9TH
Detroit Dirty Snow batting - Pitching for Nashua Redlegs : RHP Mike Green
Pitching: LHP Emory Contreras
Now at SS: José Vélez
Now in LF: Dave Warren
Now in RF: Kyle Mann
Batting: SHB Joe Emery 0-0: Called Strike
0-1: Foul Ball, location: 2F
0-2: Ball
1-2: Ball
2-2: Strikes out looking
Pitching: RHP Ángel Morán
Batting: LHB Francisco Medina 0-0: Called Strike
0-1: Foul Ball, location: 2F
0-2: SINGLE (Groundball, 4MD)
Batting: RHB Guo-liang Lian 0-0: Ball
1-0: Ball
2-0: Fly out, F7 (Flyball, 78S)
Batting: RHB Paul Liddle 0-0: Ball
1-0: Ball
2-0: Foul Ball, location: 2F
2-1: Foul Ball, location: 2F
2-2: Foul Ball, location: 2F
2-2: Foul Ball, location: 2F
2-2: Foul Ball, location: 2F
2-2: Foul Ball, location: 2F
2-2: Foul Ball, location: 2F
2-2: Strikes out swinging
Top of the 9th over - 0 runs, 1 hit, 0 errors, 1 left on base; Detroit 2 - Nashua 4
Saturday, December 16th, 2017 - OOTP Baseball 18.8 Build 76